 Dungeon Crawl Stone Soup version 0.19-a0-1676-g39ae8cc (webtiles) character file.

149 Banto the Slasher (level 5, -5/34 HPs)
             Began as a High Elf Skald on Sept 23, 2016.
             Slain by Sigmund
             ... wielding a +0 scythe
              (10 damage)
             ... on level 3 of the Dungeon.
             The game lasted 00:05:01 (2806 turns).

Banto the Slasher (High Elf Skald)                  Turns: 2806, Time: 00:05:01

Health: -5/34      AC:  4    Str: 16    XL:     5   Next: 9%
Magic:  7/9        EV: 11    Int: 15    God:
Gold:   89         SH:  0    Dex: 16    Spells: 2 memorised, 5 levels left

rFire  . . .     SeeInvis .     a - +1 falchion
rCold  . . .     Gourm    .     b - +0 leather armour
rNeg   . . .     Faith    .     (no shield)
rPois  .         Spirit   .     m - +0 helmet
rElec  .         Dismiss  .     (no cloak)
rCorr  .         Reflect  .     (no gloves)
MR     .....     Harm     .     (no boots)
Stlth  +.........               (no amulet)
                                (no ring)
                                (no ring)

@: mighty, infused
A: no striking features
a: no special abilities


You were on level 3 of the Dungeon.
You were not hungry.

You visited 1 branch of the dungeon, and saw 3 of its levels.

You collected 89 gold pieces.

Inventory:

Hand Weapons
 a - a +1 falchion (weapon)
 g - a +2 whip of pain
 r - a +0 blowgun
Missiles
 s - a poisoned needle
Armour
 b - a +0 leather armour (worn)
 l - a cursed +0 ring mail
 m - a +0 helmet (worn)
Scrolls
 e - a scroll of amnesia
 h - a scroll of remove curse
Potions
 f - a potion of cure mutation
 j - a potion of haste
 n - a potion of magic {unknown}
 q - a potion of heal wounds {unknown}
Books
 c - a book of Battle

   Spells                             Type                      Level
   a - Infusion                       Charms                       1
   b - Shroud of Golubria             Charms/Translocation         2
   c - Song of Slaying                Charms                       2
   d - Spectral Weapon                Hexes/Charms                 3
   e - Regeneration                   Charms/Necromancy            3
Comestibles
 d - 3 bread rations
 o - 4 chunks of flesh
 p - a beef jerky


   Skills:
 - Level 2.0 Fighting
 + Level 6.4 Long Blades
 - Level 0.8 Armour
 - Level 1.1 Dodging
 - Level 2.4 Spellcasting
 - Level 3.6 Charms


You had 5 spell levels left.
You knew the following spells:

 Your Spells              Type           Power        Failure   Level  Hunger
a - Infusion              Chrm           ##..         8%          1    #......
b - Song of Slaying       Chrm           ##......     12%         2    ###....


Dungeon Overview and Level Annotations

Branches:
Dungeon (3/15)

Altars:
Kikubaaqudgha

Annotations:
D:3 Sigmund


Message History

You start resting.
Sigmund the Dreaded opens the door.
He is wielding a scythe.
Casting: Infusion
Confirm with . or Enter, or press ? or * to list all spells.
You begin infusing your attacks with magical energy.
You now have 8/9 mp.
Sigmund hits you with a scythe!
* * * LOW HITPOINT WARNING * * *
You take 14 damage, and have 4/34 hp.
MASSIVE DAMAGE!!
You barely miss Sigmund.
Sigmund is moderately wounded.
It was a potion of might.
You feel very mighty all of a sudden. Sigmund closely misses you.
You riposte.
You slash Sigmund!
Sigmund is severely wounded.
You now have 7/9 mp.
You barely miss Sigmund.
Sigmund is severely wounded.
Sigmund hits you with a scythe!
You die...

#........# #.............
#........########.............
#..........##...............#'
#..........##.................
#....###...##.....#.##........
#....###....#######.##...#.#..
#......'......................
#....###†...#######.##.#.#.###
###>.........@................
############@####.##.###....
#.........# #.##÷#######
#.........# #.......#
##......(..# #.......#
#......@...# #.).....####
#..........###.##........
#..............#####...##
####............)..#.♣...


You could see Sigmund.

Vanquished Creatures
  A gnoll (D:1)
  6 adders
  An ooze (D:2)
  3 worms
  4 dart slugs
  3 leopard geckos
  2 orcs
  A bat (D:2)
  3 giant cockroaches
  4 goblins (D:1)
  8 hobgoblins
  9 jackals
  A ball python (D:1)
  3 frilled lizards
  5 kobolds
  8 rats
62 creatures vanquished.

Notes
Turn   | Place    | Note
-------+----------+-------------------------------------------
     0 | D:1      | Banto the High Elf Skald began the quest for the Orb.
     0 | D:1      | Reached XP level 1. HP: 14/14 MP: 4/4
    92 | D:1      | Reached skill level 3 in Long Blades
   143 | D:1      | Reached XP level 2. HP: 5/19 MP: 0/6
   475 | D:1      | Reached skill level 4 in Long Blades
   700 | D:1      | Reached XP level 3. HP: 17/24 MP: 5/7
   708 | D:1      | Learned a level 2 spell: Song of Slaying
  1326 | D:2      | Found an ancient bone altar of Kikubaaqudgha.
  1368 | D:2      | Reached skill level 5 in Long Blades
  1819 | D:2      | Reached XP level 4. HP: 21/29 MP: 3/8
  2387 | D:3      | Reached skill level 6 in Long Blades
  2660 | D:3      | Reached XP level 5. HP: 31/34 MP: 1/9
  2782 | D:3      | Noticed Sigmund
  2806 | D:3      | Slain by Sigmund

Vault maps used:
D:1:      minmay_arrival_shattered_statue
D:2:      lemuel_doored_altar, nicolae_underground_beach
D:3:      ecumenical_altar_1, hangedman_feature_mirror, uniq_sigmund,
          uniq_terence

Skill      XL: |  1  2  3  4 |
---------------+-------------+-----
Long Blades    | 3 4 5 6 |  6.4
Fighting       | |  2.0
Armour         | |  0.8
Dodging        | |  1.1
Spellcasting   | |  2.4
Charms         | |  3.6

Action                   |  1- 3 |  4- 6 || total
-------------------------+-------+-------++-------
Melee: Falchion          |   130 |    84 ||   214
       Whip              |     1 |       ||     1
 Fire: Blowgun           |       |     6 ||     6
 Cast: Infusion          |     7 |    10 ||    17
       Song of Slaying   |       |     2 ||     2
  Use: Scroll            |     2 |     4 ||     6
       Potion            |       |     1 ||     1
 Stab: Sleeping          |     2 |     1 ||     3
  Eat: Chunk             |     3 |     4 ||     7
Armor: Leather armour    |    14 |    22 ||    36
Dodge: Dodged            |    61 |    43 ||   104

Table legend:
 A = Turns spent in this place as a percentage of turns spent in the entire game.
 B = Non-inter-level travel turns spent in this place as a percentage of non-inter-level travel turns spent in the entire game.
 C = Inter-level travel turns spent in this place as a percentage of turns spent in this place.
 D = Turns resting spent in this place as a percentage of non-inter-level travel turns spent in this place.
 E = Turns spent auto-exploring this place as a percentage of non-inter-level travel turns spent in this place.
 F = Non-inter-level travel turns spent in this place divided by the number of levels of this place that you've seen.
                   A       B       C       D       E      F
               +-------+-------+-------+-------+-------+----------------------
         Total | 100.0 | 100.0 |   0.3 |   5.4 |   9.9 | 285.0
       Dungeon | 100.0 | 100.0 |   0.3 |   5.4 |   9.9 | 285.0
               +-------+-------+-------+-------+-------+----------------------

Table legend:
 A = Kills in this place as a percentage of kills in entire the game.
 B = Kills by you in this place as a percentage of kills by you in the entire game.
 C = Kills by friends in this place as a percentage of kills by friends in the entire game.
 D = Other kills in this place as a percentage of other kills in the entire game.
 E = Experience gained in this place as a percentage of experience gained in the entire game.
 F = Experience gained in this place divided by the number of levels of this place that you have seen.
                   A       B       C       D       E      F
               +-------+-------+-------+-------+-------+----------------------
         Total | 100.0 | 100.0 |  -nan |  -nan | 100.0 |  71.0
       Dungeon | 100.0 | 100.0 |  -nan |  -nan | 100.0 |  71.0
               +-------+-------+-------+-------+-------+----------------------
